 Dungeon Crawl Stone Soup version 0.27.1-3-gb3d3a73c9e (webtiles) character file.

Game seed: 2481943934412381092

308 cdecastro the Cleaver (level 6, -5/56 HPs)
             Began as a Hill Orc Fighter on Oct 8, 2021.
             Was a Believer of Ashenzari.
             Splashed by a kobold's acid (18 damage)
             ... on level 4 of the Dungeon.
             The game lasted 00:07:53 (2836 turns).

cdecastro the Cleaver (Hill Orc Fighter)            Turns: 2836, Time: 00:07:54

Health: -5/56      AC: 13    Str: 21    XL:     6   Next: 40%
Magic:  6/6        EV:  6    Int: 14    God:    Ashenzari [**....]
Gold:   154        SH:  0    Dex: 10    Spells: 5/5 levels left

rFire    . . .     SeeInvis +   a - +0 war axe of Ashenzari's Negligence {Elem, Cun} (curse)
rCold    . . .     Faith    .   (no shield)
rNeg     . . .     Spirit   .   p - +0 plate armour
rPois    .         Reflect  .   (no helmet)
rElec    .         Harm     .   l - +0 cloak "Cursed With Me" {Self, Alch} (curse)
rCorr    .         Rampage  .   (no gloves)
Will     .....                  (no boots)
Stlth    ..........             (no amulet)
HPRegen  0.18/turn              n - ring "Tethered With Me" {Int+6, Fort, Comp} (curse)
MPRegen  0.10/turn              (no ring)

@: no status effects
A: no striking features
a: Renounce Religion, Curse Item, Shatter the Chains


You were on level 4 of the Dungeon.
You worshipped Ashenzari.
Ashenzari was pleased with you.
You visited 1 branch of the dungeon, and saw 4 of its levels.

You collected 154 gold pieces.

Inventory:

Hand Weapons
 a - the cursed +0 war axe of Ashenzari's Negligence (weapon) {Elem, Cun}

   It has a curse which improves the following skills: Elements: Fire Magic, Ice
   Magic, Air Magic and Earth Magic.
   Cunning:   Dodging and Stealth.
Missiles
 b - 21 sling bullets
 i - 62 stones (quivered)
 q - 4 poisoned darts
Armour
 h - a +2 pair of gloves
 l - the cursed +0 cloak "Cursed With Me" (worn) {Self, Alch}
   (You found it on level 2 of the Dungeon)

   It has a curse which improves the following skills: Introspection: Fighting
   and Spellcasting.
   Alchemy:   Poison Magic and Transmutations.
 p - a +0 plate armour (worn)
Magical Staves
 o - a staff of air
 t - a staff of death
Jewellery
 n - the cursed ring "Tethered With Me" (left hand) {Int+6, Fort, Comp}
   (You found it on level 2 of the Dungeon)

   [ring of intelligence]

   Int:       It affects your intelligence (+6).
   It has a curse which improves the following skills: Fortitude: Armour and
   Shields.
   Companions: Summonings and Necromancy.
Scrolls
 c - 3 scrolls of teleportation
 g - a scroll of fear
 j - a scroll of fog
 k - 2 scrolls of identify
 r - a scroll of enchant weapon
Potions
 d - a potion of might
 e - 2 potions of heal wounds
 f - a potion of curing
 m - a potion of haste
 s - a potion of magic
 u - 2 potions of lignification


   Skills:
 - Level 3.6(5.0) Fighting
 + Level 8.7 Axes
 - Level 3.2(4.5) Armour
 - Level 3.2(4.5) Shields


You had 5 spell levels left.
You didn't know any spells.
Your spell library contained the following spells:

 Spells                   Type           Power      Damage    Failure   Level
 Freeze                   Ice            0%         1d3       99%         1
 Frozen Ramparts          Ice            0%         1d2       100%        3
 Hailstorm                Conj/Ice       0%         3d3       100%        4


Dungeon Overview and Level Annotations

Branches:
Dungeon (4/15)
 Temple: D:4-7

Altars:
Ashenzari
Zin

Annotations:
D:1 vault need dig


Message History

No target in view!
No target in view!
You now have 142 gold pieces (gained 12).
Found a pair of runed gloves.
You now have 154 gold pieces (gained 12).
h - a +2 pair of gloves A goblin comes into view.
It is wielding a +0 club.
A goblin is nearby!
An ogre comes into view. It is wielding a +0 giant club.
The ogre shouts!
The goblin hits you but does no damage.
You slash the goblin!
You kill the goblin!
No target in view!
No target in view!
No target in view!
Okay, then.
Unknown command.
A kobold comes into view. It is wielding a +0 dagger.
You barely miss the ogre.
An endoplasm comes into view.
The ogre hits you with a +0 giant club!!
The endoplasm quivers.
You barely miss the ogre.
An ogre comes into view. It is wielding a +0 giant club.
You slash the ogre!
The ogre is moderately wounded.
The ogre barely misses you.
You barely miss the ogre.
The ogre is moderately wounded.
You hit the endoplasm but do no damage.
The ogre hits you with a +0 giant club!!
* * * LOW HITPOINT WARNING * * *
The endoplasm hits you but does no damage.
Unknown command.
Found a stone staircase leading down.
The kobold zaps a wand.
The bolt of acid hits you.
* * * LOW HITPOINT WARNING * * *
You are splashed with acid!!
You die...

......##..........#.#..##..
###..........#........##...
,
####.......#..###.......#*
#.....K..............# *
#.......J.O........... *
#..#.......##.........
#####.....O##.).#.....
###....##..##..... *
##.....@.##........
#.......###.......# ,
###.......###.....##.
#...........<.......# , ,
##...........†.##.... , ,
#.?............####.. ,
##...............#*#.
#####........##..#* *
##............. ,


You could see 2 ogres, an endoplasm and a kobold.

Vanquished Creatures
  An ice beast (D:3)
  A scorpion (D:4)
  A bullfrog skeleton (D:3)
  3 gnolls (D:3)
  2 adders
  2 dart slugs
  6 orcs (D:3)
  4 ball pythons
  3 bats
  3 endoplasms
  3 giant cockroaches
  6 goblins
  5 hobgoblins
  7 jackals
  4 quokkas
  5 frilled lizards
  9 kobolds
  5 rats
70 creatures vanquished.

Notes
Turn   | Place    | Note
-------+----------+-------------------------------------------
     0 | D:1      | cdecastro the Hill Orc Fighter began the quest for the Orb.
     0 | D:1      | Reached XP level 1. HP: 19/19 MP: 1/1
    25 | D:1      | Reached skill level 3 in Axes
    44 | D:1      | Found a faded altar of an unknown god.
    69 | D:1      | Became a worshipper of Ashenzari the Shackled
   127 | D:1      | Reached XP level 2. HP: 24/26 MP: 2/2
   186 | D:1      | Reached skill level 4 in Axes
   629 | D:1      | Reached XP level 3. HP: 27/31 MP: 3/3
  1221 | D:2      | Reached skill level 5 in Axes
  1706 | D:2      | Reached * piety under Ashenzari
  1790 | D:3      | Reached XP level 4. HP: 41/41 MP: 4/4
  1807 | D:3      | Reached skill level 6 in Axes
  2088 | D:3      | Reached ** piety under Ashenzari
  2294 | D:3      | Reached XP level 5. HP: 41/48 MP: 5/5
  2430 | D:3      | Reached skill level 7 in Axes
  2549 | D:3      | Noticed an ice beast
  2561 | D:3      | Killed an ice beast
  2562 | D:3      | Reached skill level 8 in Axes
  2562 | D:3      | Reached XP level 6. HP: 56/56 MP: 6/6
  2685 | D:3      | Found a glowing silver altar of Zin.
  2836 | D:4      | Splashed by a kobold's acid

Illustrated notes

Levels and vault maps discovered:
D:1:      sevenhm_arrival_forest_fort_small_3, layout_rooms,
          ebering_ecumenical_altar_webs, grunt_decor_resistance, minivault_5,
          minmay_misc_feat_roman, minivault_26, due_unseen_surprise
D:2:      layout_loops_ring
D:3:      layout_loops_ring, zin_statuary
D:4:      layout_cave_pools, minmay_bent

Skill      XL: |  1  2  3  4  5 |
---------------+----------------+-----
Axes           | 3 4 5 6 8 |  8.7
Fighting       | |  3.6
Armour         | |  3.2
Shields        | |  3.2

Action                   |  1- 3 |  4- 6 || total
-------------------------+-------+-------++-------
Melee: War axe           |    80 |    99 ||   179
Invok: Curse Item        |     2 |     1 ||     3
  Use: Potion            |       |     1 ||     1
Armor: Scale mail        |    48 |       ||    48
       Plate armour      |     3 |    71 ||    74
Dodge: Dodged            |    40 |    28 ||    68
Block: Kite shield       |     1 |       ||     1
